 Dungeon Crawl Stone Soup version 0.29-a0-2-g12fcac58f8 (webtiles) character file.

Game seed: 17275556880567328421

78 dave1331 the Chopper (level 4, 22/61 HPs)
             Began as a Hill Orc Monk on Jan 26, 2022.
             Quit the game on level 2 of the Dungeon.
             The game lasted 00:06:47 (529 turns).

dave1331 the Chopper (Hill Orc Monk)                 Turns: 529, Time: 00:06:48

Health: 22/61      AC: 22    Str: 13    XL:     4   Next: 36%
Magic:  4/4        EV:  2    Int: 10    God:
Gold:   58         SH:  0    Dex: 21    Spells: 3/3 levels left

rFire   . . .      SeeInvis .   c - +1 hand axe of Havoc {venom, rC- Dex+6}
rCold   x . .      Faith    .   (no shield)
rNeg    . . .      Spirit   .   (armour currently unavailable)
rPois   +          Reflect  .   (helmet currently unavailable)
rElec   .          Harm     .   (cloak currently unavailable)
rCorr   .          Rampage  .   (gloves currently unavailable)
Will    .....      NoTele   +   (boots currently unavailable)
Stlth   ++........              (no amulet)
HPRegen 0.20/turn               (no ring)
MPRegen 0.09/turn               (no ring)

@: tree-form
A: stationary, stasis, torment immunity, boosted hp, wild magic 2, noise
suppression
a: no special abilities


You were on level 2 of the Dungeon.
You were a tree.
You visited 1 branch of the dungeon, and saw 2 of its levels.

You collected 58 gold pieces.

Inventory:

Hand Weapons
 a - a +0 hand axe
 c - the +1 hand axe of Havoc (weapon) {venom, rC- Dex+6}
   (You found it on level 2 of the Dungeon)

   It poisons the flesh of those it strikes.
   Dex:       It affects your dexterity (+6).
   rC:        It makes you vulnerable to cold.
Armour
 b - a +0 robe (melded)


   Skills:
 + Level 4.4 Fighting
 + Level 4.8 Axes
 + Level 2.9 Dodging
 + Level 2.3 Stealth


You had 3 spell levels left.
You didn't know any spells.
Your spell library was empty.

Dungeon Overview and Level Annotations

Branches:
Dungeon (2/15)

Altars:


Innate Abilities, Weirdness & Mutations

You are a tree.
Your roots penetrate the ground, keeping you stationary.
You cannot be teleported.
You are immune to unholy pain and torment.
Your maximum health is greatly increased.
Your equipment is partially melded.
Your spells are harder to cast, but more powerful.
You passively dampen the noise of your surroundings.


Message History

Natasha, Servant of Life and Death comes into view.
She is carrying a wand of polymorph (12).
Things that are here:
a +0 short sword; a stone Unknown command.
Natasha hisses.
Natasha closely misses you.
You hit Natasha.
Natasha is poisoned.
Natasha is heavily wounded.
Natasha misses you.
You barely miss Natasha.
Natasha is heavily wounded.
Natasha zaps a wand.
You turn into a tree.
Your +0 robe melds into your body.
Your roots penetrate the ground.
You hit Natasha.
Natasha looks even sicker.
Natasha is severely wounded.
Natasha claws you but does no damage.
You hit Natasha but do no damage.
Natasha looks as sick as possible!
Natasha is severely wounded.
You kill Natasha!
Natasha screams in pain as she dies!
You have reached level 4!
You cannot move.
You cannot move.
You cannot move.
Unknown command.
Unknown command.
You cannot move.
You cannot move.
You cannot move.
You cannot move.
You cannot move.
You cannot move.
You cannot move.
You cannot move.
You cannot move.
You cannot move.
You cannot move.
You cannot move.
You cannot move.
Are you sure you want to abandon this character and quit the game? (Confirm with "yes".)

#.. #.########.#.#..#
#...###.###### #......##
#...†.†....###.......#
#...###)##......>.....#.
##.####.##.#.###......#
......<.......##......#
#...###...........#.#.#.#
#...###........##.#.##.##
.......♣.........#.# ...
....##........##.#.# ###
... #........##^..# .≈
.........# ...###....#
≈P.. ###.# ♣≈♣.. .# ≈♣...


There were no monsters in sight!

Vanquished Creatures
  Natasha (twice) (D:2)
  2 dart slugs
  A ball python (D:1)
  3 endoplasms
  2 goblins (D:1)
  3 hobgoblins
  5 kobolds
  A quokka (D:1)
  2 bats
  5 rats
26 creatures vanquished.

Vanquished Creatures (others)
  A plant (D:2)
1 creature vanquished.

Grand Total: 27 creatures vanquished

Notes
Turn   | Place    | Note
-------+----------+-------------------------------------------
     0 | D:1      | dave1331 the Hill Orc Monk began the quest for the Orb.
     0 | D:1      | Reached XP level 1. HP: 19/19 MP: 1/1
   111 | D:1      | Reached XP level 2. HP: 27/27 MP: 2/2
   359 | D:2      | Identified the +1 hand axe of Havoc {venom, rC- Dex+6}
   369 | D:2      | Noticed Natasha
   374 | D:2      | Noticed a crimson imp
   380 | D:2      | Noticed a crimson imp
   380 | D:2      | Killed Natasha
   381 | D:2      | Reached XP level 3. HP: 8/33 MP: 3/3
   437 | D:2      | Gained mutation: Your spells are a little harder to cast,
                  | but a little more powerful. [potion of mutation]
   437 | D:2      | Gained mutation: Your spells are harder to cast, but more
                  | powerful. [potion of mutation]
   437 | D:2      | Gained mutation: You passively dampen the noise of your
                  | surroundings. [potion of mutation]
   519 | D:2      | Noticed Natasha
   528 | D:2      | Killed Natasha
   529 | D:2      | Reached XP level 4. HP: 22/41 MP: 4/4
   529 | D:2      | Quit the game

Illustrated notes

Levels and vault maps discovered:
D:1:      dpeg_arrival_orchard, layout_basic, chequers_garden,
          kennysheep_small_spiral, st_stairs_5
D:2:      layout_loops_ring, ebering_ecumenical_altar_webs, serial_bayou,
          serial_bayou_ford_a, serial_bayou_pond_a, serial_bayou_pond_e,
          serial_bayou_shore_b, minmay_heptomino_d4, uniq_natasha,
          uniq_crazy_yiuf_cottage

Skill      XL: |  1  2 |
---------------+-------+-----
Stealth        | 2 |  2.3
Fighting       | 4 |  4.4
Axes           | |  4.8
Dodging        | |  2.9

Action                   |  1- 3 |  4- 6 || total
-------------------------+-------+-------++-------
Melee: Hand axe          |    77 |       ||    77
  Use: Potion            |     1 |       ||     1
Armor: Robe              |     9 |       ||     9
       Skin              |     1 |       ||     1
Dodge: Dodged            |    55 |       ||    55

Table legend: (Time is in decaauts)
 A = Elapsed time spent in this place.
 B = Non-inter-level travel time spent in this place.
 C = Inter-level travel time spent in this place.
 D = Time resting spent in this place.
 E = Time spent auto-exploring this place.
 F = Levels seen in this place.
 G = Mean time per level.
                   A        B        C        D        E       F      G
               +--------+--------+--------+--------+--------+-----+--------+
         Total |    534 |    226 |    308 |      0 |      0 |   2 |  267.0 |
       Dungeon |    534 |    226 |    308 |      0 |      0 |   2 |  267.0 |
               +--------+--------+--------+--------+--------+-----+--------+

Top non-repeatable levels by time:
     D:1: 356 daAuts
     D:2: 177 daAuts
